 Dungeon Crawl Stone Soup version 0.30.1-11-g7821555f0a (webtiles) character file.

Game seed: 3776864624008372487

632 Buffagor the Chopper (level 7, -1/81 HPs)
             Began as a Demonspawn Berserker on Dec 1, 2023.
             Was a Priest of Trog.
             Slain by an iguana (10 damage)
             ... on level 5 of the Dungeon.
             The game lasted 00:07:50 (3515 turns).

Buffagor the Chopper (Demonspawn Berserker)         Turns: 3515, Time: 00:07:51

Health: -1/81      AC:  8    Str: 19    XL:     7   Next: 24%
Magic:  7/7        EV: 13    Int:  8    God:    Trog [***...]
Gold:   249        SH:  0    Dex: 13    Spells: 6/6 levels left

rFire   . . .        o - +0 war axe
rCold   . . .        (no shield)
rNeg    . . .        i - +3 ring mail
rPois   +            (helmet restricted)
rElec   .            (no cloak)
rCorr   .            (no gloves)
SInv    +            (no boots)
Will    .....        g - amulet of faith Stlth
                     m - ring of see invisible
HPRegen 0.33/turn    p - ring of poison resistance
MPRegen 0.10/turn

%: faith
@: berserking, very quick
A: horns 1, repulsion field 1
a: Renounce Religion, Berserk, Trog's Hand


You were on level 5 of the Dungeon.
You worshipped Trog.
Trog was most pleased with you.
You visited 1 branch of the dungeon, and saw 5 of its levels.

You collected 249 gold pieces.

Inventory:

Hand Weapons
 o - a +0 war axe (weapon)
Missiles
 d - 8 boomerangs (quivered)
 f - 11 poisoned darts
 h - 52 stones
 x - 5 javelins
Armour
 i - a +3 ring mail (worn)
 j - a +0 tower shield
Jewellery
 g - an amulet of faith (around neck)
 m - a ring of see invisible (left hand)
 p - a ring of poison resistance (right hand)
 q - a ring of magical power
 u - a ring of ice
Scrolls
 a - a scroll of blinking {unknown}
 b - 2 scrolls of magic mapping {unknown}
 c - 6 scrolls of identify {unknown}
 k - a scroll of enchant weapon {unknown}
 l - 2 scrolls of enchant armour {unknown}
 n - a scroll of acquirement {unknown}
 r - a scroll of fog {unknown}
 s - a scroll of immolation {unknown}
 v - 2 scrolls of amnesia {unknown}
Potions
 e - 5 potions of curing {unknown}
 t - a potion of heal wounds {unknown}
 w - 2 potions of haste {unknown}


   Skills:
 - Level 4.0 Fighting
 + Level 6.4 Axes
 - Level 3.0 Armour
 - Level 2.9 Dodging


You had 6 spell levels left.
You didn't know any spells.
Your spell library was empty.

Dungeon Overview and Level Annotations

Branches:
Dungeon (5/15)
 Temple: D:4-7

Altars:
Cheibriados
Xom
Yredelemnul

Annotations:
D:5 Prince Ribbit


Innate Abilities, Weirdness & Mutations

You have a pair of small horns on your head.
You are surrounded by a mild repulsion field. (EV +2)


Message History

You are too injured to fight recklessly!
You are too injured to fight recklessly!
You are too injured to fight recklessly!
You are too injured to fight recklessly!
You are too injured to fight recklessly!
You are too injured to fight recklessly!
You are too injured to fight recklessly!
You are too injured to fight recklessly!
You are too injured to fight recklessly!
You are too injured to fight recklessly!
You are too injured to fight recklessly!
You are too injured to fight recklessly!
You are too injured to fight recklessly!
You are too injured to fight recklessly!
You are too injured to fight recklessly!
You are too injured to fight recklessly!
You miss Prince Ribbit. Your headbutt misses Prince Ribbit.
Prince Ribbit is moderately wounded.
Prince Ribbit hits you!
You barely miss Prince Ribbit.
Prince Ribbit is moderately wounded.
You closely miss the iguana. Prince Ribbit barely misses you.
The iguana barely misses you. Prince Ribbit hits you!
You miss Prince Ribbit.
Prince Ribbit is moderately wounded.
You hit the iguana. Prince Ribbit hits you.
* * * LOW HITPOINT WARNING * * *
The iguana bites you.
* * * LOW HITPOINT WARNING * * *
A red film seems to cover your vision as you go berserk!
You feel yourself moving faster!
You feel mighty! Prince Ribbit closely misses you. The iguana bites you.
* * * LOW HITPOINT WARNING * * *
Prince Ribbit closely misses you.
You slash Prince Ribbit! You headbutt Prince Ribbit.
Prince Ribbit is almost dead.
You closely miss the iguana.
Prince Ribbit hits you but does no damage.
The iguana bites you!
You die...

##.... #..... #.....
#..... # #..... #..
####..... ....#
#####........
.....$######............
......F@.........##.....
......l......######.....
..........#### #.....
....#....## #.....
!....##..# #..... .....
##.. #..... .... ##. ...
#.


You could see Prince Ribbit and an iguana.

Vanquished Creatures
  Menkaure (D:4)
  A black bear (D:5)
  A scorpion (D:5)
  An orc priest (D:3)
  A hound (D:3)
  A sleepcap (D:4)
  3 iguanas (D:4)
  11 adders
  A gnoll (D:1)
  2 worms (D:2)
  3 dart slugs
  9 orcs
  6 ball pythons
  5 endoplasms
  3 giant cockroaches
  5 hobgoblins
  3 quokkas
  4 bats
  A frilled lizard (D:2)
  7 goblins
  13 kobolds
  2 rats
84 creatures vanquished.

Notes
Turn   | Place    | Note
-------+----------+-------------------------------------------
     0 | D:1      | Buffagor the Demonspawn Berserker began the quest for the
                  | Orb.
     0 | D:1      | Reached XP level 1. HP: 18/18 MP: 1/1
   150 | D:1      | Gained mutation: You are surrounded by a mild repulsion
                  | field. (EV +2) [demonic ancestry]
   150 | D:1      | Reached XP level 2. HP: 13/24 MP: 2/2
   235 | D:1      | Reached skill level 3 in Axes
   828 | D:2      | Gained mutation: You have a pair of small horns on your
                  | head. [demonic ancestry]
   828 | D:2      | Reached XP level 3. HP: 29/29 MP: 3/3
  1119 | D:2      | Reached ** piety under Trog
  1120 | D:2      | Reached XP level 4. HP: 30/35 MP: 4/4
  1637 | D:3      | Reached XP level 5. HP: 42/42 MP: 5/5
  1930 | D:3      | Identified the +1 ring mail of Conscience {+Blink rF+}
  2138 | D:3      | Found a shimmering altar of Xom.
  2250 | D:4      | Found a basalt altar of Yredelemnul.
  2347 | D:4      | Found a snail-covered altar of Cheibriados.
  2436 | D:4      | Reached *** piety under Trog
  2501 | D:4      | Reached skill level 4 in Axes
  2693 | D:4      | Reached XP level 6. HP: 41/48 MP: 6/6
  2974 | D:4      | Noticed Menkaure
  2980 | D:4      | Killed Menkaure
  2981 | D:4      | Reached skill level 5 in Axes
  3331 | D:5      | Entered Level 5 of the Dungeon
  3354 | D:5      | Reached skill level 6 in Axes
  3354 | D:5      | Reached XP level 7. HP: 52/54 MP: 7/7
  3504 | D:5      | Noticed Prince Ribbit
  3515 | D:5      | Slain by an iguana

Illustrated notes

Levels and vault maps discovered:
D:1:      amcnicky_arrival_feature_with_door, layout_basic
D:2:      minmay_skewed_foursquare, layout_loops_ring, corexii_corridor_pit,
          minmay_misc_feat_iff, minmay_small_reverse_x
D:3:      layout_rooms, tgw_xom
D:4:      layout_basic, mainiacjoe_overflow_brackets,
          mainiacjoe_overflow_catwalk, mainiacjoe_overflow_six_doors_small,
          hangedman_minor_gate_pass, uniq_menkaure
D:5:      layout_cave_pods, nicolae_ru_path_of_blood, minmay_gold_behind_fungi,
          uniq_prince_ribbit1

Skill      XL: |  1  2  3  4  5  6 |
---------------+-------------------+-----
Armour         | 2 3 |  3.0
Dodging        | 2 |  2.9
Axes           | 3 4 6 |  6.4
Fighting       | 4 |  4.0

Action                     |  1- 3 |  4- 6 |  7- 9 || total
---------------------------+-------+-------+-------++-------
  Melee: Hand axe          |    62 |    27 |       ||    89
         Headbutt          |     1 |    14 |     1 ||    16
         Punch             |     1 |       |       ||     1
         War axe           |       |    74 |    12 ||    86
  Throw: Boomerang         |    26 |    76 |     9 ||   111
 Invoke: Berserk           |     1 |     1 |     1 ||     3
 Armour: Animal skin       |     1 |       |       ||     1
         Ring mail         |    11 |    31 |     4 ||    46
  Dodge: Dodged            |    46 |    77 |     9 ||   132
